 Dungeon Crawl Stone Soup version 0.31-a0-799-g6bc09d010c (webtiles) character file.

Game seed: 17809456242246479117

55078 Dirtsage the Severer (level 14, -8/162 (171) HPs)
             Began as a Demonspawn Berserker on Sept 18, 2023.
             Was a High Priest of Trog.
             Killed from afar by an orc sorcerer (18 damage)
             ... with a bolt of negative energy
             ... on level 2 of the Orcish Mines on Sept 19, 2023.
             The game lasted 00:43:17 (21260 turns).

Dirtsage the Severer (Demonspawn Berserker)        Turns: 21260, Time: 00:43:17

HP:   -8/162 (171)  AC: 12    Str: 24    XL:     14   Next: 37%
MP:   0/23          EV: 10    Int:  6    God:    Trog [*****.]
Gold: 2083          SH:  7    Dex: 20    Spells: 13/13 levels left

rFire   + . .        n - +3 war axe
rCold   + . .        G - +0 buckler
rNeg    + . .        U - +4 plate armour {rF+}
rPois   .            g - +0 helmet
rElec   +            k - +1 cloak
rCorr   .            z - +0 pair of gloves
SInv    .            (boots unavailable)
Will    +....        (no amulet) Stlth
                     A - ring of Accord {rC+ MP+9 Int-4 Dex+3 Stlth+}
HPRegen 0.47/turn    I - ring "Toirphuth" {rElec rN+ AC+4 Str+3 Dex+4}
MPRegen 0.36/turn

%: guardian spirit
@: berserking, corroded, drained, very quick
A: hooves 3, rugged brown scales 2, demonic guardian 2, magic shield, magic
regeneration
a: Renounce Religion, Berserk, Trog's Hand, Brothers in Arms


You were on level 2 of the Orcish Mines.
You worshipped Trog.
Trog was extremely pleased with you.
You visited 3 branches of the dungeon, and saw 18 of its levels.
You also visited: Volcano.

You collected 2083 gold pieces.

Inventory:

Hand Weapons
 n - a +3 war axe (weapon)
 K - a +1 flail of protection
Missiles
 J - a curare-tipped dart
Armour
 g - a +0 helmet (worn)
 k - a +1 cloak (worn)
 v - a +0 chain mail
 z - a +0 pair of gloves (worn)
 G - a +0 buckler (worn)
 Q - the +1 robe "Walloced" {rC+ rN+ Will+}
   (You found it on level 5 of the Lair of Beasts)

   rC+:       It protects you from cold.
   rN+:       It protects you from negative energy.
   Will+:     It increases your willpower.
 S - +0 ice dragon scales
 U - a +4 plate armour of fire resistance (worn)
Jewellery
 A - the ring of Accord (left hand) {rC+ MP+9 Int-4 Dex+3 Stlth+}
   (You found it on level 5 of the Dungeon)

   [ring of magical power]

   Int-4:     It affects your intelligence (-4).
   Dex+3:     It affects your dexterity (+3).
   rC+:       It protects you from cold.
   MP+9:      It affects your magic capacity (+9).
   Stlth+:    It makes you more stealthy.
 C - a +5 ring of evasion
 I - the ring "Toirphuth" (right hand) {rElec rN+ AC+4 Str+3 Dex+4}
   (You found it on level 9 of the Dungeon)

   [ring of protection]

   AC+4:      It affects your AC (+4).
   Str+3:     It affects your strength (+3).
   Dex+4:     It affects your dexterity (+4).
   rElec:     It insulates you from electricity.
   rN+:       It protects you from negative energy.
 L - a +5 ring of evasion
 N - a ring of fire
Wands
 a - a wand of mindburst (25)
 x - a wand of acid (9)
 D - a wand of digging (13)
 E - a wand of flame (71)
 F - a wand of iceblast (13)
Scrolls
 d - 3 scrolls of revelation
 f - 5 scrolls of enchant weapon
 h - a scroll of silence
 i - 2 scrolls of identify
 m - 2 scrolls of enchant armour
 u - 3 scrolls of amnesia
 w - 2 scrolls of poison
 y - 3 scrolls of vulnerability
 B - 2 scrolls of blinking
 M - a scroll of fear {unknown}
 O - a scroll of fog
 P - a scroll of immolation
Potions
 b - a potion of ambrosia {unknown}
 c - 5 potions of brilliance
 e - 2 potions of lignification {unknown}
 j - 3 potions of haste {unknown}
 l - 3 potions of heal wounds
 o - 3 potions of degeneration {unknown}
 p - 2 potions of might {unknown}
 q - 4 potions of curing
 r - 4 potions of resistance {unknown}
 s - 3 potions of attraction {unknown}
 H - 2 potions of mutation {unknown}
Miscellaneous
 R - a box of beasts


   Skills:
 + Level 9.8 Fighting
 + Level 16.4 Axes
 + Level 7.1 Armour
 + Level 7.1 Dodging
 + Level 7.9 Shields
 + Level 8.7 Evocations


You had 13 spell levels left.
You didn't know any spells.
Your spell library contained the following spells:

 Spells                   Type           Power      Damage    Failure   Level
 Necrotise                Necr           0%         1d4       100%        1
 Ensorcelled Hibernation  Hex/Ice        0%         N/A       100%        2
 Passwall                 Tmut/Erth      0%         N/A       100%        2
 Poisonous Vapours        Pois/Air       0%         N/A       100%        2
 Ignite Poison            Fire/Tmut/Pois 0%         N/A       100%        3
 Mephitic Cloud           Conj/Pois/Air  0%         N/A       100%        3
 Swiftness                Air            0%         N/A       100%        3
 Vampiric Draining        Necr           0%         2d6       100%        3
 Sticky Flame             Conj/Fire      0%         2d3       100%        4
 Vhi's Electric Charge    Tloc/Air       0%         N/A       100%        4
 Agony                    Necr           0%         N/A       100%        5
 Arcjolt                  Conj/Air       0%         1d10      100%        5
 Freezing Cloud           Conj/Ice/Air   0%         6-21      100%        5
 Ignition                 Fire           0%         3d3       100%        8
 Maxwell's Capacitive Co  Air            0%         ∞         100%        8


Dungeon Overview and Level Annotations

Branches:
Dungeon (11/15)            Temple (0/1) D:7            Lair (5/5) D:8
 Shoals (0/4) Lair:3        Snake (0/4) Lair:3        Slime (0/5) Lair:5
    Orc (2/2) D:10            Elf (0/3) Orc:2       Volcano (visited)

Altars:
Cheibriados
Dithmenos
Gozag
Hepliaklqana
Ru
Vehumet

Shops:
D:7 (   D:10 [

Annotations:
D:10 animated armors digging
D:11 Erica


Innate Abilities, Weirdness & Mutations

You have hooves in place of feet.
You are mostly covered in rugged brown scales. (AC +2, +5% HP)
A demonic guardian rushes to your aid.
When hurt, damage is shared between your health and your magic reserves.
You regenerate magic rapidly.


Message History

The smoke demon gestures at you. The ball of steam misses you.
You slash the orc warlord!
The orc warlord is almost dead.
You barely miss the orc sorcerer. You slash the smoke demon!
You hit the rust devil but do no damage.
The orc warlord is no longer covered in acid.
The orange demon is engulfed in poison gas.
The orange demon looks as sick as possible!
The orange demon stings you but does no damage.
The orc sorcerer hits you but does no damage.
The orc warrior hits you from afar with a +0 glaive!
* * * LOW HITPOINT WARNING * * *
A demonic guardian appears!
The orc warlord hits you with a +3 battleaxe of draining!
* * * LOW HITPOINT WARNING * * *
You partially resist.
You feel drained.
You take 13 damage, and have 20/163 hp.
You now have 4/23 mp.
You slash the orc warlord!
You kill the orc warlord!
Trog accepts your kill.
You hit the smoke demon but do no damage.
You slash the rust devil!
You hit the orc sorcerer but do no damage.
The rust devil hits you!
* * * LOW HITPOINT WARNING * * *
The rust devil corrodes you! The smoke demon hits you.
* * * LOW HITPOINT WARNING * * *
The smoke demon barely misses you. The smoke demon hits you.
* * * LOW HITPOINT WARNING * * *
You take 8 damage, and have 12/168 hp.
You now have 3/23 mp.
An ogre comes into view. It is wielding a +0 giant club.
The ogre shouts!
You hear a shout!
The orange demon is engulfed in poison gas.
The orange demon looks as sick as possible!
You block the orange demon's attack. The orange demon hits you.
* * * LOW HITPOINT WARNING * * *
The orc sorcerer points at you and mumbles some strange words.
The bolt of negative energy hits you!! You partially resist.
You feel drained.
You die...

.......# ##○☼○§☼§#
##§#§☼§§○## . ###
#.§§☼○§§☼.# ☼. #.##
#○☼°§°○☼.# §§.
...######§§☼☼°§#####☼§☼O
....##.##§§○○§§4○8§§°○☼.
....#....))#§§§§§O...§§.
.........)###°○§@o.°§§§.
.........## #§34o4°.§§○.
.........# ##§§☼8○☼§§○.
......#.## #######§§§.
......#### .○§.
...#...#.###### #§.
...........##.## ..
...............#
.......###.....#


You could see an orange demon (summoned, extremely poisoned, corroded), a rust
devil (summoned), a smoke demon (summoned), an orc sorcerer (strong), an orc
warrior (strong), 2 ogres and a friendly rust devil (summoned).

Vanquished Creatures
  An orc warlord (Orc:2)
  Nessos (Lair:5)
  The ghost of DocSulfur the Markself, a journeyman DEBe of Trog (Lair:5)
  A fire dragon (Volcano)
  4 hydras
  An ice dragon (Lair:5)
  A boulder beetle (Orc:2)
  A two-headed ogre (D:10)
  A hell hog (Volcano)
  An orc high priest (Orc:2)
  A death yak (Lair:1)
  Nergalle (Lair:1)
  4 skysharks
  Amaemon (Lair:1)
  A deep troll (Lair:2)
  Pikel (D:9)
  A lindwurm (Lair:5)
  A swamp dragon (Lair:5)
  An orc knight (Orc:2)
  2 orc sorcerers (Orc:2)
  2 cyclopes (Orc:1)
  Maurice (D:8)
  A black mamba (Lair:5)
  A gargoyle (D:9)
  An orange demon (Lair:1)
  7 torpor snails
  2 molten gargoyles (Volcano)
  14 cane toads
  4 rime drakes
  3 kobold demonologists
  8 komodo dragons
  A troll (D:9)
  4 tyrant leeches (Lair:5)
  3 polar bears
  9 hornets
  9 blink frogs
  9 dream sheep
  A slime creature (Lair:5)
  35 yaks
  A wraith (D:8)
  9 fire bats (Volcano)
  3 wyverns
  6 basilisks
  5 steam dragons
  3 wargs
  3 nagas (Lair:3)
  2 acid dragons (Lair:5)
  A hell hound (Volcano)
  16 water moccasins
  A swamp drake (Lair:5)
  14 orc warriors
  3 ice beasts (D:9)
  7 ogres
  13 wolves
  5 centaurs
  A phantom (D:5)
  6 kobold brigands
  20 bullfrogs
  4 scorpions
  5 wights (D:8)
  6 killer bees (D:10)
  4 electric eels
  10 howler monkeys
  6 lava snakes (Volcano)
  3 hounds
  2 gnoll boudas
  6 jellies
  17 orc priests
  2 sleepcaps
  Crazy Yiuf (D:3)
  Natasha (D:2)
  5 iguanas
  17 orc wizards
  A mummy (D:10)
  Robin (D:2)
  9 gnolls
  A river rat (Lair:3)
  7 adders
  2 white imps (D:9)
  4 ufetubi
  3 worms
  A dart slug (D:4)
  62 orcs
  9 endoplasms
  4 giant cockroaches
  12 hobgoblins
  6 jackals (D:1)
  6 quokkas
  5 ball pythons
  9 bats
  4 frilled lizards
  14 goblins
  14 kobolds
  6 rats (D:1)
530 creatures vanquished.

Vanquished Creatures (collateral kills)
  A fire dragon (Lair:5)
  A basilisk (Lair:2)
  3 orc warriors (Orc:2)
  A bullfrog (Lair:1)
  2 orc priests
  2 orcs (Orc:2)
  A kobold (D:10)
11 creatures vanquished.

Vanquished Creatures (others)
  A hell hound (Volcano)
  2 orc wizards (Orc:2)
3 creatures vanquished.

Grand Total: 544 creatures vanquished

Notes
Turn   | Place    | Note
-------+----------+-------------------------------------------
     0 | D:1      | Dirtsage the Demonspawn Berserker began the quest for the
                  | Orb.
     0 | D:1      | Reached XP level 1. HP: 18/18 MP: 1/1
   110 | D:1      | Reached skill level 3 in Axes
   114 | D:1      | Gained mutation: You are partially covered in rugged brown
                  | scales. (AC +1, +3% HP) [demonic ancestry]
   114 | D:1      | Reached XP level 2. HP: 19/24 MP: 2/2
   314 | D:1      | Reached ** piety under Trog
   522 | D:1      | Reached XP level 3. HP: 29/29 MP: 3/3
   595 | D:1      | Reached skill level 4 in Axes
  1170 | D:2      | Noticed Robin
  1184 | D:2      | Reached XP level 4. HP: 36/36 MP: 4/4
  1185 | D:2      | Killed Robin
  1265 | D:2      | Noticed Natasha
  1274 | D:2      | Killed Natasha
  1344 | D:2      | Reached skill level 5 in Axes
  1967 | D:3      | Reached *** piety under Trog
  1982 | D:3      | Found a shadowy altar of Dithmenos.
  2187 | D:3      | Gained mutation: You have large cloven feet. [demonic
                  | ancestry]
  2187 | D:3      | Reached XP level 5. HP: 42/42 MP: 5/5
  2671 | D:3      | Found a runed translucent door.
  2672 | D:3      | Noticed Crazy Yiuf
  2678 | D:3      | Killed Crazy Yiuf
  2977 | D:4      | Reached skill level 6 in Axes
  2977 | D:4      | Gained mutation: You have hoof-like feet. [demonic
                  | ancestry]
  2977 | D:4      | Reached XP level 6. HP: 42/48 MP: 6/6
  3589 | D:5      | Entered Level 5 of the Dungeon
  3604 | D:5      | Reached skill level 7 in Axes
  3688 | D:5      | Gained mutation: You regenerate magic rapidly. [demonic
                  | ancestry]
  3688 | D:5      | Reached XP level 7. HP: 26/53 MP: 7/7
  3910 | D:5      | Identified the ring of Accord {rC+ MP+9 Int-4 Dex+3 Stlth+}
  4012 | D:5      | Reached skill level 8 in Axes
  4812 | D:6      | Reached **** piety under Trog
  4813 | D:6      | Reached skill level 9 in Axes
  4813 | D:6      | Gained mutation: You have hooves in place of feet. [demonic
                  | ancestry]
  4813 | D:6      | Reached XP level 8. HP: 40/59 MP: 8/8
  5130 | D:6      | Reached skill level 10 in Axes
  5131 | D:6      | Found a radiant altar of Vehumet.
  5766 | D:7      | Found Assuq's Antique Weapon Emporium.
  5894 | D:7      | Reached skill level 11 in Axes
  6106 | D:7      | Found a staircase to the Ecumenical Temple.
  6333 | D:7      | Found a sacrificial altar of Ru.
  6418 | D:7      | Gained mutation: A weak demonic guardian rushes to your
                  | aid. [demonic ancestry]
  6418 | D:7      | Reached XP level 9. HP: 55/64 MP: 9/9
  6730 | D:8      | Found a hazy altar of Hepliaklqana.
  7057 | D:8      | Reached skill level 12 in Axes
  7297 | D:8      | Found a staircase to the Lair.
  7545 | D:8      | Reached skill level 13 in Axes
  7732 | D:8      | Noticed Maurice
  7742 | D:8      | Something stole 220 gold
  7746 | D:8      | Something stole 185 gold
  7779 | D:8      | Killed Maurice
  8037 | D:9      | Reached XP level 10. HP: 44/72 MP: 10/10
  8467 | D:9      | Noticed Pikel
  8479 | D:9      | Killed Pikel
  8480 | D:9      | Reached skill level 14 in Axes
  8930 | D:9      | Noticed a gargoyle
  8936 | D:9      | Killed a gargoyle
  8939 | D:9      | Reached skill level 1 in Evocations
  8955 | D:9      | Reached skill level 1 in Shields
  9144 | D:9      | Identified the ring "Toirphuth" {rElec rN+ AC+4 Str+3
                  | Dex+4}
  9450 | D:10     | Entered Level 10 of the Dungeon
  9479 | D:10     | Reached skill level 5 in Fighting
  9482 | D:10     | Reached XP level 11. HP: 66/81 MP: 11/11
  9542 | D:10     | Noticed an animated gold dragon scales
  9542 | D:10     | Noticed a two-headed ogre
  9543 | D:10     | Found Jaawuxta's Armour Boutique.
  9551 | D:10     | Killed a two-headed ogre
  9583 | D:10     | Noticed an animated crystal plate armour
  9622 | D:10     | Found an opulent altar of Gozag.
  9703 | D:10     | Reached ***** piety under Trog
  9722 | D:10     | Noticed a sixfirhy
  9733 | D:10     | Noticed a soul eater
 10009 | D:10     | Found a staircase to the Orcish Mines.
 10382 | D:10     | Found a snail-covered altar of Cheibriados.
 10565 | D:10     | Saving game... please wait.
 10565 | D:10     | Upgraded the game from 0.31-a0-795-g5eb97db20b to
                  | 0.31-a0-799-g6bc09d010c
 10657 | D:11     | Noticed Erica
 10863 | Lair:1   | Entered Level 1 of the Lair of Beasts
 10878 | Lair:1   | Reached skill level 15 in Axes
 10997 | Lair:1   | Noticed a death yak
 11114 | Lair:1   | Killed a death yak
 11220 | Lair:1   | Noticed Amaemon
 11233 | Lair:1   | Killed Amaemon
 11242 | Lair:1   | Reached skill level 5 in Evocations
 11715 | Lair:1   | Noticed Nergalle
 11723 | Lair:1   | Killed Nergalle
 11877 | Lair:1   | Gained mutation: When hurt, damage is shared between your
                  | health and your magic reserves. [demonic ancestry]
 11877 | Lair:1   | Reached XP level 12. HP: 78/91 MP: 12/12
 12596 | Lair:2   | Reached skill level 5 in Shields
 13768 | Lair:3   | Found a staircase to the Snake Pit.
 14029 | Lair:3   | Found a staircase to the Shoals.
 14066 | Lair:3   | Noticed a five-headed hydra
 14079 | Lair:3   | Killed a five-headed hydra
 14753 | Lair:3   | Reached skill level 5 in Armour
 14753 | Lair:3   | Reached skill level 5 in Dodging
 15114 | Lair:4   | Gained mutation: A demonic guardian rushes to your aid.
                  | [demonic ancestry]
 15114 | Lair:4   | Reached XP level 13. HP: 100/100 MP: 13/13
 16454 | Lair:5   | Entered Level 5 of the Lair of Beasts
 16480 | Lair:5   | Received a gift from Trog
 17258 | Lair:5   | Noticed a fire dragon
 17267 | Lair:5   | Killed a fire dragon
 17268 | Lair:5   | Reached skill level 16 in Axes
 17301 | Lair:5   | Identified the +1 robe "Walloced" {rC+ rN+ Will+}
 17454 | Lair:5   | Found a staircase to the Slime Pits.
 17534 | Lair:5   | Noticed Nessos
 17550 | Lair:5   | Killed Nessos
 17653 | Lair:5   | Found a runed translucent door.
 17671 | Lair:5   | Noticed DocSulfur's ghost (journeyman DEBe)
 17692 | Lair:5   | Killed DocSulfur's ghost
 18246 | Lair:5   | Found a runed translucent door.
 18434 | Lair:5   | Paralysed by a hornet for 2 turns
 18443 | Lair:5   | Paralysed by a hornet for 1 turns
 18899 | Lair:5   | Gained mutation: You are mostly covered in rugged brown
                  | scales. (AC +2, +5% HP) [demonic ancestry]
 18899 | Lair:5   | Reached XP level 14. HP: 53/113 MP: 14/14
 19393 | Orc:1    | Entered Level 1 of the Orcish Mines
 19600 | Orc:1    | Found a dark tunnel.
 19611 | Volcano  | Entered a volcano
 19983 | Volcano  | Found a bloodstained altar of Trog.
 20629 | Orc:2    | Entered Level 2 of the Orcish Mines
 20697 | Orc:2    | Noticed an orc warlord
 20699 | Orc:2    | Paralysed by an orc sorcerer for 3 turns
 20863 | Orc:2    | Found a staircase to the Elven Halls.
 20879 | Orc:2    | Received a gift from Trog
 21238 | Orc:2    | Paralysed by an orc sorcerer for 5 turns
 21259 | Orc:2    | Killed an orc warlord
 21260 | Orc:2    | Killed from afar by an orc sorcerer

Illustrated notes

Levels and vault maps discovered:
D:1:      grunt_arrival_lava_bath, layout_basic
D:2:      layout_basic, uniq_robin, uniq_natasha
D:3:      layout_basic, lemuel_doored_altar, supply_closet_lemuel,
          uniq_crazy_yiuf_cottage
D:4:      layout_loops_ring
D:5:      layout_basic
D:6:      layout_basic, lemuel_tele_altar
D:7:      hellmonk_ruined_rings, layout_loops_ring,
          nicolae_ru_sacrificial_ziggurat, minmay_temple_entry_nine_rooms,
          serial_shops, shop, enter_bailey_2
D:8:      layout_gridville, mainiacjoe_overflow_alcove_1,
          erik_lair_orcish_takeover, hex_tiny, nicolae_the_louvre, uniq_maurice
D:9:      layout_irregular_city, serial_ice, serial_ice_n, serial_ice_o,
          serial_ice_e, serial_ice_g, serial_ice_k, uniq_pikel
D:10:     layout_big_octagon, grunt_gozag_breadcrumbs, slow_altar_2,
          minmay_orc_entry_temple_small, serial_shops, nicolae_shop_mannequins,
          chequers_big_river
D:11:     layout_gridville, uniq_josephine, uniq_harold, uniq_erica
Lair:1:   layout_gridlike, st_stairs_13, dreamdust_gnoll_shepherd,
          grunt_megastairs_2, uniq_amaemon, uniq_nergalle
Lair:2:   dreamdust_cave_troll, layout_loops_ring, lemuel_fruit_tree
Lair:3:   layout_roguey, elwin_shoals_entry_rocks,
          minmay_snake_entry_guardpost_small, pond
Lair:4:   layout_long_grid, grunt_megastairs_3
Lair:5:   wormcave, layout_loops_ring, guppyfry_lair_end_dragon,
          minmay_slime_entry_pillars, ebering_ghost_reflecting_pool,
          infiniplex_staircase_pool, uniq_nessos
Orc:1:    layout_diamond_mine, enter_volcano_2
Orc:2:    grunt_orc_cross, layout_caves, rock_pile

Skill      XL: |  1  2  3  4  5  6  7  8  9 10 11 12 13 14 |
---------------+-------------------------------------------+-----
Axes           | 3 4 5 6 7 9 11 13 14 15 16 | 16.4
Fighting       | 5 6 8 9 |  9.8
Evocations     | 2 5 6 8 |  8.7
Shields        | 2 4 6 7 |  7.9
Armour         | 3 5 6 7 |  7.1
Dodging        | 3 5 6 7 |  7.1

Action                     |  1- 3 |  4- 6 |  7- 9 | 10-12 | 13-15 || total
---------------------------+-------+-------+-------+-------+-------++-------
  Melee: Hand axe          |   121 |   180 |   116 |       |       ||   417
         Kick              |       |    34 |    74 |   198 |   253 ||   559
         Punch             |       |     3 |     1 |       |       ||     4
         War axe           |       |       |   144 |   539 |   585 ||  1268
         Flail             |       |       |       |     9 |    20 ||    29
  Throw: Dart              |       |       |       |       |     1 ||     1
 Invoke: Berserk           |     2 |     3 |     8 |    15 |    11 ||    39
         Trog's Hand       |       |       |     1 |     2 |       ||     3
         Brothers in Arms  |       |       |       |       |     3 ||     3
  Evoke: Wand              |       |       |       |     1 |     1 ||     2
    Use: Scroll            |       |     3 |     7 |     5 |     3 ||    18
         Potion            |       |       |       |       |     2 ||     2
   Stab: Sleeping          |     1 |       |       |       |       ||     1
         Distracted        |       |       |       |     1 |       ||     1
 Armour: Animal skin       |    67 |    21 |       |       |       ||    88
         Plate armour      |       |    88 |       |       |    89 ||   177
         Chain mail        |       |    21 |   228 |   381 |   417 ||  1047
  Dodge: Dodged            |    85 |    57 |    88 |   190 |   249 ||   669
  Block: Buckler           |       |       |       |   102 |   153 ||   255

Table legend: (Time is in decaauts)
 A = Elapsed time spent in this place.
 B = Non-inter-level travel time spent in this place.
 C = Inter-level travel time spent in this place.
 D = Time resting spent in this place.
 E = Time spent auto-exploring this place.
 F = Levels seen in this place.
 G = Mean time per level.
                   A        B        C        D        E       F      G
               +--------+--------+--------+--------+--------+-----+--------+
         Total |  21391 |  20346 |   1045 |   2776 |  14660 |  19 | 1125.8 |
       Dungeon |  11175 |  10416 |    759 |   1203 |   7748 |  11 | 1015.9 |
          Lair |   8379 |   8128 |    251 |   1163 |   5858 |   5 | 1675.8 |
  Orcish Mines |   1095 |   1061 |     34 |    233 |    633 |   2 |  547.5 |
       Volcano |    741 |    741 |      0 |    176 |    421 |   1 |  741.0 |
               +--------+--------+--------+--------+--------+-----+--------+

Top non-repeatable levels by time:
  Lair:5: 2813 daAuts
  Lair:2: 1590 daAuts
     D:8: 1540 daAuts
  Lair:1: 1515 daAuts
     D:9: 1407 daAuts
  Lair:4: 1348 daAuts
     D:2: 1246 daAuts
     D:5: 1216 daAuts
    D:10: 1155 daAuts
     D:7: 1135 daAuts
  Lair:3: 1112 daAuts
     D:6: 982 daAuts
     D:4: 841 daAuts
     D:3: 810 daAuts
     D:1: 747 daAuts
